 Dungeon Crawl Stone Soup version 0.22.1-1-ga44c0e5 (webtiles) character file.

36 Kalelzar the Stinger (level 3, -1/28 HPs)
             Began as a Naga Venom Mage on Oct 18, 2018.
             Slain by an adder (3 damage)
             ... on level 2 of the Dungeon.
             The game lasted 00:10:26 (2368 turns).

Kalelzar the Stinger (Naga Venom Mage)              Turns: 2368, Time: 00:10:27

Health: -1/28      AC:  2    Str: 10    XL:     3   Next: 37%
Magic:  4/6        EV: 10    Int: 16    God:
Gold:   17         SH:  0    Dex: 11    Spells: 4/7 levels left

rFire    . . .     SeeInvis +   g - +2 dagger (drain)
rCold    . . .     Gourm    .   (no shield)
rNeg     . . .     Faith    +   a - +0 robe
rPois    +         Spirit   .   (no helmet)
rElec    .         Reflect  .   (no cloak)
rCorr    .         Harm     .   (no gloves)
MR       .....                  (no barding)
Stlth    ++........             b - amulet of faith
HPRegen  0.09/turn              (no ring)
MPRegen  0.10/turn              (no ring)

@: lethally poisoned (-1 -> -4), very slightly contaminated, very slow
A: large, see invisible, deformed body, poison resistance, slowness 2, slow
metabolism 1, spit poison 1, AC +1
a: Spit Poison


You were on level 2 of the Dungeon.
You were not hungry.

You visited 1 branch of the dungeon, and saw 2 of its levels.

You collected 17 gold pieces.

Inventory:

Hand Weapons
 g - a +2 dagger of draining (weapon)
Armour
 a - a +0 robe (worn)
Jewellery
 b - an amulet of faith (around neck)
Scrolls
 d - 2 scrolls of remove curse
Comestibles
 c - 5 chunks of flesh


   Skills:
 - Level 1.5 Dodging
 * Level 3.4 Stealth
 * Level 2.5 Spellcasting
 - Level 1.0 Conjurations
 * Level 5.1 Poison Magic


You had 4 spell levels left.
You knew the following spells:

 Your Spells              Type           Power        Failure   Level  Hunger
a - Sting                 Conj/Pois      ##..         5%          1    #......
b - Poisonous Vapours     Pois/Air       ##....       11%         2    ##.....

Your spell library contained the following spells:

 Spells                   Type           Power        Failure   Level  Hunger
 Olgreb's Toxic Radiance  Pois           ###.....     24%         4    #####..
 Mephitic Cloud           Conj/Pois/Air  #.......     26%         3    ###....
 Venom Bolt               Conj/Pois      ##........   83%         5    ######.


Dungeon Overview and Level Annotations

Branches:
Dungeon (2/15)

Altars:
Dithmenos
The Shining One


Innate Abilities, Weirdness & Mutations

You cannot wear boots.
Your serpentine skin is tough. (AC +1)
You have supernaturally acute eyesight. (SInv)
Armour fits poorly on your strangely shaped body.
Your system is resistant to poisons. (rPois)
You cover ground very slowly.
You have a slow metabolism.
You can spit poison.


Message History

The adder bites you.
* * * LOW HITPOINT WARNING * * *
Casting: Sting (safe; 5% risk of failure)
Confirm with . or Enter, or press ? or * to list all spells.
Aiming: Sting (safe; 5% risk of failure)
Press: ? - help, Shift-Dir - straight line, f - adder
Aim: an adder The sting hits the adder.
The adder is lightly wounded.
The adder bites you.
* * * LOW HITPOINT WARNING * * *
You are lethally poisoned!
The adder poisons you!
You aren't carrying any potions.
As you read the scroll labeled OCUTZO WUFEEME, it crumbles to dust.
The creatures around you are filled with an inner flame!
It was a scroll of immolation.
* * * LOW HITPOINT WARNING * * *
You feel sick. The adder bites you.
You die...

.......##S#
#.....##.##
.........
#####.#.##.#
........##.#
#.......#
#..hh####
####S# #@#
#.# ..# ####


You could see an adder (inner flame) and 2 jackals.

Vanquished Creatures
  2 leopard geckos (D:1)
  4 bats
  4 giant cockroaches (D:1)
  2 goblins
  4 hobgoblins
  2 jackals (D:2)
  2 frilled lizards (D:1)
  5 kobolds (D:1)
  5 rats (D:1)
30 creatures vanquished.

Notes
Turn   | Place    | Note
-------+----------+-------------------------------------------
     0 | D:1      | Kalelzar the Naga Venom Mage began the quest for the Orb.
     0 | D:1      | Reached XP level 1. HP: 15/15 MP: 3/3
   279 | D:1      | Reached XP level 2. HP: 22/22 MP: 1/5
   810 | D:1      | Learned a level 2 spell: Poisonous Vapours
  1629 | D:1      | Found a glowing golden altar of the Shining One.
  1971 | D:1      | Reached XP level 3. HP: 23/28 MP: 2/6
  2253 | D:2      | Found a shadowy altar of Dithmenos.
  2327 | D:2      | Reached skill level 5 in Poison Magic
  2368 | D:2      | Slain by an adder

Skill      XL: |  1  2  3 |
---------------+----------+-----
Poison Magic   | 5 |  5.1
Dodging        | |  1.5
Stealth        | |  3.4
Spellcasting   | |  2.5
Conjurations   | |  1.0

Action                   || total
-------------------------++-------
Melee: Unarmed           ||    12
       Dagger            ||     3
 Cast: Sting             ||    54
       Poisonous Vapours ||     1
 Abil: Spit Poison       ||     3
  Use: Scroll            ||     5
       Potion            ||     2
  Eat: Ration            ||     1
       Chunk             ||     1
Armor: Robe              ||    23
       Skin              ||     5
Dodge: Dodged            ||    52
